 Dungeon Crawl Stone Soup version 0.27-a0-1186-g8b4daa1eef (webtiles) character file.

Game seed: 6562394838674057304

315 ZappyNine the Insei (level 6, -7/47 HPs)
             Began as a Gnoll Transmuter on May 19, 2021.
             Was a Follower of Uskayaw.
             Mangled by Cheivey's ghost (14 damage)
             ... on level 3 of the Dungeon.
             The game lasted 00:06:01 (3669 turns).

ZappyNine the Insei (Gnoll Transmuter)              Turns: 3669, Time: 00:06:02

Health: -7/47      AC:  2    Str:  9    XL:     6   Next: 44%
Magic:  10/14      EV: 23    Int: 13    God:    Uskayaw [*.....]
Gold:   93         SH:  0    Dex: 21    Spells: 9/15 levels left

rFire    . . .     SeeInvis .     - Unarmed
rCold    . . .     Faith    .   (shield currently unavailable)
rNeg     . . .     Spirit   .   (armour currently unavailable)
rPois    x         Reflect  .   (helmet currently unavailable)
rElec    .         Harm     .   (cloak currently unavailable)
rCorr    .         Rampage  .   (gloves currently unavailable)
Will     .....                  (boots currently unavailable)
Stlth    ++........             (no amulet)
HPRegen  0.15/turn              (no ring)
MPRegen  0.14/turn              (no ring)

@: spider-form (expiring), flying, hasted, very quick
A: venomous fangs, tiny, (fangs 1), strong nose, distributed training, agile 1
a: End Transformation, Renounce Religion, Stomp


You were on level 3 of the Dungeon.
You worshipped Uskayaw.
Uskayaw was noncommittal.
You were a venomous arachnid creature.
You visited 1 branch of the dungeon, and saw 3 of its levels.

You collected 93 gold pieces.

Inventory:

Armour
 a - a +0 robe (melded)
Magical Staves
 f - a staff of conjuration
Scrolls
 c - 2 scrolls of blinking
 d - a scroll of identify
 g - a scroll of fear
Potions
 b - a potion of cancellation {unknown}
 e - a potion of brilliance
 h - a potion of flight


   Skills:
 + Level 3.2 Fighting
 + Level 2.0 Short Blades
 + Level 2.0 Long Blades
 + Level 2.0 Axes
 + Level 2.0 Maces & Flails
 + Level 2.0 Polearms
 + Level 2.0 Staves
 + Level 2.0 Slings
 + Level 2.0 Bows
 + Level 2.0 Crossbows
 + Level 2.0 Throwing
 + Level 2.0 Armour
 + Level 5.0 Dodging
 + Level 2.0 Stealth
 + Level 2.0 Shields
 + Level 6.8 Unarmed Combat
 + Level 5.3 Spellcasting
 + Level 1.5 Conjurations
 + Level 1.5 Hexes
 + Level 1.5 Summonings
 + Level 1.5 Necromancy
 + Level 1.5 Translocations
 + Level 4.1 Transmutations
 + Level 1.5 Fire Magic
 + Level 1.5 Ice Magic
 + Level 1.5 Air Magic
 + Level 1.5 Earth Magic
 + Level 1.5 Poison Magic
 + Level 2.1 Invocations
 + Level 2.0 Evocations


You had 9 spell levels left.
You knew the following spells:

 Your Spells              Type           Power      Damage    Failure   Level
a - Beastly Appendage     Tmut           28%        N/A       11%         1
b - Spider Form           Tmut/Pois      5%         N/A       36%         3
c - Wereblood             Tmut           14%        N/A       14%         2

Your spell library contained the following spells:

 Spells                   Type           Power      Damage    Failure   Level
 Ice Form                 Ice/Tmut       10%        N/A       71%         4
 Hydra Form               Tmut           7%         N/A       85%         5


Dungeon Overview and Level Annotations

Branches:
Dungeon (3/15)

Altars:
Uskayaw
Vehumet
Zin

Annotations:
D:3 Cheivey's ghost, amateur GrFi


Innate Abilities, Weirdness & Mutations

You are a venomous arachnid creature.
You have poisonous fangs.
You are tiny and dextrous.
Your spellcasting is less reliable in this form.
Your armour is entirely melded.
You are incapable of wielding weapons or throwing items.
((You have very sharp teeth.))
Your uncanny sense of smell can sniff out nearby items.
Your experience applies equally to all skills.
You are agile. (Dex +2)


Message History

Cheivey's ghost completely misses you.
You hit Cheivey's ghost but do no damage.
Cheivey's ghost completely misses you.
You hit Cheivey's ghost but do no damage.
Cheivey's ghost completely misses you.
You hit Cheivey's ghost but do no damage.
You hit Cheivey's ghost but do no damage.
Cheivey's ghost closely misses you.
You hit Cheivey's ghost but do no damage.
Cheivey's ghost closely misses you.
You completely miss Cheivey's ghost.
Your transformation is almost over.
Cheivey's ghost hits you!
You hit Cheivey's ghost but do no damage.
Cheivey's ghost misses you.
You hit Cheivey's ghost.
Cheivey's ghost is lightly damaged.
Cheivey's ghost shrieks, "You will never get the ORB!"
Cheivey's ghost hits you!
You barely miss Cheivey's ghost.
Cheivey's ghost is lightly damaged.
Cheivey's ghost closely misses you.
You hit Cheivey's ghost but do no damage.
Cheivey's ghost is lightly damaged.
It was a potion of flight.
You feel very buoyant.
You fly up into the air.
Cheivey's ghost hits you!
* * * LOW HITPOINT WARNING * * *
You feel yourself speed up. Cheivey's ghost misses you.
You hit Cheivey's ghost.
Cheivey's ghost is moderately damaged.
Cheivey's ghost completely misses you.
You hit Cheivey's ghost but do no damage.
Cheivey's ghost is moderately damaged.
Cheivey's ghost hits you!
* * * LOW HITPOINT WARNING * * *
You hit Cheivey's ghost but do no damage.
Cheivey's ghost is moderately damaged.
Cheivey's ghost hits you!
You die...

..##⌠##..#.##.......
#..##...##...#........
#.##.....##..........)
#.#⌠.!♣!.⌠#..#........
#.##?....##..#........
#..##...##.)>.........
#..##.##....#......).
#..#W#.....#........
##.s.......#######.#
#.##.####.# #.#
#...... ..# #.#
########### #.# #...#
#.# #...# #..
###...##### ###
#.......... .....
#.#...#### #######


You could see Cheivey's ghost.

Vanquished Creatures
  A scorpion (D:2)
  Natasha (thrice) (D:2)
  An orc wizard (D:3)
  Robin (D:3)
  3 adders
  A white imp (D:3)
  A worm (D:2)
  2 dart slugs (D:3)
  9 orcs
  3 ball pythons
  6 bats
  8 endoplasms
  2 giant cockroaches
  13 goblins
  3 hobgoblins
  10 jackals
  3 quokkas
  2 frilled lizards
  9 kobolds
  9 rats
90 creatures vanquished.

Notes
Turn   | Place    | Note
-------+----------+-------------------------------------------
     0 | D:1      | ZappyNine the Gnoll Transmuter began the quest for the Orb.
     0 | D:1      | Reached XP level 1. HP: 17/17 MP: 6/6
   251 | D:1      | Reached XP level 2. HP: 22/23 MP: 7/7
   774 | D:1      | Reached XP level 3. HP: 21/28 MP: 9/9
   781 | D:1      | Learned a level 3 spell: Spider Form
   958 | D:1      | Reached skill level 5 in Spellcasting
  1261 | D:2      | Found a glowing silver altar of Zin.
  1289 | D:2      | Noticed a scorpion
  1295 | D:2      | Killed a scorpion
  1296 | D:2      | Reached skill level 1 in Short Blades
  1296 | D:2      | Reached skill level 1 in Long Blades
  1296 | D:2      | Reached skill level 1 in Axes
  1296 | D:2      | Reached skill level 1 in Maces & Flails
  1296 | D:2      | Reached skill level 1 in Polearms
  1296 | D:2      | Reached skill level 1 in Staves
  1296 | D:2      | Reached skill level 1 in Slings
  1296 | D:2      | Reached skill level 1 in Bows
  1296 | D:2      | Reached skill level 1 in Crossbows
  1296 | D:2      | Reached skill level 1 in Throwing
  1296 | D:2      | Reached skill level 1 in Armour
  1296 | D:2      | Reached skill level 1 in Stealth
  1296 | D:2      | Reached skill level 1 in Shields
  1296 | D:2      | Reached skill level 1 in Conjurations
  1296 | D:2      | Reached skill level 1 in Hexes
  1296 | D:2      | Reached skill level 1 in Summonings
  1296 | D:2      | Reached skill level 1 in Necromancy
  1296 | D:2      | Reached skill level 1 in Translocations
  1296 | D:2      | Reached skill level 1 in Fire Magic
  1296 | D:2      | Reached skill level 1 in Ice Magic
  1296 | D:2      | Reached skill level 1 in Air Magic
  1296 | D:2      | Reached skill level 1 in Earth Magic
  1296 | D:2      | Reached skill level 1 in Poison Magic
  1296 | D:2      | Reached skill level 1 in Invocations
  1296 | D:2      | Reached skill level 1 in Evocations
  1296 | D:2      | Reached XP level 4. HP: 34/34 MP: 7/11
  1588 | D:2      | Noticed Natasha
  1595 | D:2      | Killed Natasha
  1596 | D:2      | Reached XP level 5. HP: 40/40 MP: 9/12
  1675 | D:2      | Noticed Natasha
  1688 | D:2      | Killed Natasha
  1808 | D:2      | Gained mutation: You are agile. (Dex +2) [potion of
                  | mutation]
  1853 | D:2      | Noticed Natasha
  2023 | D:1      | Learned a level 2 spell: Wereblood
  2034 | D:2      | Killed Natasha
  2617 | D:3      | Reached XP level 6. HP: 43/47 MP: 13/13
  2635 | D:3      | Noticed Robin
  2661 | D:3      | Killed Robin
  3028 | D:3      | Found a hide-covered altar of Uskayaw.
  3034 | D:3      | Reached skill level 5 in Dodging
  3172 | D:3      | Became a worshipper of Uskayaw the Reveller
  3188 | D:3      | Reached * piety under Uskayaw
  3273 | D:3      | Found a radiant altar of Vehumet.
  3624 | D:3      | Noticed Cheivey's ghost (amateur GrFi)
  3627 | D:3      | Found a runed translucent door.
  3669 | D:3      | Mangled by Cheivey's ghost

Illustrated notes

Levels and vault maps discovered:
D:1:      lightli_arrival_boilingwater, layout_loops_corners,
          minmay_tree_intersection
D:2:      layout_basic, basic_altar, kennysheep_minor_cross, uniq_natasha
D:3:      layout_basic, lemuel_doored_altar, lemuel_tele_altar,
          lemuel_round_altar, hellmonk_ghost_happy_afterlife, dk_noncrumbling_2,
          uniq_robin

Skill      XL: |  1  2  3  4  5  6 |
---------------+-------------------+-----
Spellcasting   | 5 |  5.3
Short Blades   | 1 2 |  2.0
Long Blades    | 1 2 |  2.0
Axes           | 1 2 |  2.0
Maces & Flails | 1 2 |  2.0
Polearms       | 1 2 |  2.0
Staves         | 1 2 |  2.0
Slings         | 1 2 |  2.0
Bows           | 1 2 |  2.0
Crossbows      | 1 2 |  2.0
Throwing       | 1 2 |  2.0
Armour         | 1 2 |  2.0
Stealth        | 1 2 |  2.0
Shields        | 1 2 |  2.0
Conjurations   | 1 |  1.5
Hexes          | 1 |  1.5
Summonings     | 1 |  1.5
Necromancy     | 1 |  1.5
Translocations | 1 |  1.5
Fire Magic     | 1 |  1.5
Ice Magic      | 1 |  1.5
Air Magic      | 1 |  1.5
Earth Magic    | 1 |  1.5
Poison Magic   | 1 |  1.5
Invocations    | 1 2 |  2.1
Evocations     | 1 2 |  2.0
Fighting       | 3 |  3.2
Transmutations | 4 |  4.1
Dodging        | 5 |  5.0
Unarmed Combat | |  6.8

Action                   |  1- 3 |  4- 6 || total
-------------------------+-------+-------++-------
Melee: Unarmed           |    56 |   172 ||   228
       Kick              |     4 |     1 ||     5
       Headbutt          |     2 |       ||     2
       Bite              |     2 |     4 ||     6
 Cast: Beastly Appendage |     9 |     2 ||    11
       Spider Form       |     1 |    18 ||    19
       Wereblood         |       |     3 ||     3
  Use: Scroll            |       |     5 ||     5
       Potion            |       |     3 ||     3
 Stab: Sleeping          |     2 |     2 ||     4
Armor: Robe              |    14 |     5 ||    19
       Skin              |       |     3 ||     3
Dodge: Dodged            |    56 |   158 ||   214

Table legend: (Time is in decaauts)
 A = Elapsed time spent in this place.
 B = Non-inter-level travel time spent in this place.
 C = Inter-level travel time spent in this place.
 D = Time resting spent in this place.
 E = Time spent auto-exploring this place.
 F = Levels seen in this place.
 G = Mean time per level.
                   A        B        C        D        E       F      G
               +--------+--------+--------+--------+--------+-----+--------+
         Total |   3663 |   3613 |     50 |   1121 |   1891 |   3 | 1221.0 |
       Dungeon |   3663 |   3613 |     50 |   1121 |   1891 |   3 | 1221.0 |
               +--------+--------+--------+--------+--------+-----+--------+

Top non-repeatable levels by time:
     D:1: 1377 daAuts
     D:3: 1254 daAuts
     D:2: 1030 daAuts
